 Dungeon Crawl Stone Soup version 0.23-a0-407-g92528d7 (webtiles) character file.

92 reaverb the Poker (level 4, -3/33 HPs)
             Began as a Human Warper on Nov 7, 2018.
             Was a Believer of Elyvilon.
             Killed by nerve-wracking pain
             ... invoked by an orc priest
              (7 damage)
             ... on level 2 of the Dungeon.
             The game lasted 00:04:59 (3612 turns).

reaverb the Poker (Human Warper)                    Turns: 3612, Time: 00:05:00

Health: -3/33      AC:  3    Str: 16    XL:     4   Next: 90%
Magic:  6/7        EV: 12    Int: 19    God:    Elyvilon [**....]
Gold:   82         SH:  0    Dex: 13    Spells: 0/7 levels left

rFire    . . .     SeeInvis .   a - +0 spear
rCold    . . .     Gourm    .   (no shield)
rNeg     . . .     Faith    .   b - +0 leather armour
rPois    .         Spirit   .   (no helmet)
rElec    .         Reflect  .   (no cloak)
rCorr    .         Harm     .   (no gloves)
MR       .....     Rnd*Tele +   (no boots)
Stlth    +.........             (no amulet)
HPRegen  0.11/turn              m - ring of wizardry
MPRegen  0.10/turn              n - ring of teleportation (curse)

@: mighty, brilliant
A: no striking features
a: Lesser Healing, Heal Other, Divine Protection, Renounce Religion


You were on level 2 of the Dungeon.
You worshipped Elyvilon.
Elyvilon was pleased with you.
You were hungry.

You visited 1 branch of the dungeon, and saw 3 of its levels.

You collected 82 gold pieces.

Notes
Turn   | Place    | Note
-------+----------+-------------------------------------------
     0 | D:1      | reaverb the Human Warper began the quest for the Orb.
     0 | D:1      | Reached XP level 1. HP: 16/16 MP: 3/3
    11 | D:1      | Huge Dmg: 4 Dmg
    13 | D:1      | Huge Dmg: 5 Dmg
    14 | D:1      | Reached XP level 2. HP: 7/22 MP: 5/5
   651 | D:1      | Reached skill level 3 in Polearms
   990 | D:2      | Found a faded altar of an unknown god.
   992 | D:2      | Became a worshipper of Elyvilon the Healer
   992 | D:2      | Reached * piety under Elyvilon
  1015 | D:2      | Huge Dmg: 8 Dmg
  1021 | D:2      | Reached XP level 3. HP: 18/27 MP: 6/6
  1032 | D:2      | Huge Dmg: 7 Dmg
  1800 | D:2      | Reached ** piety under Elyvilon
  1939 | D:2      | Reached skill level 4 in Polearms
  1939 | D:2      | Reached XP level 4. HP: 30/33 MP: 7/7
  2454 | D:3      | Huge Dmg: 11 Dmg
  2587 | D:2      | Learned a level 2 spell: Blink
  2590 | D:2      | Learned a level 2 spell: Shroud of Golubria
  2594 | D:2      | Learned a level 3 spell: Teleport Other
  2672 | D:3      | Found an ornate altar of the Wu Jian Council.
  2699 | D:3      | Huge Dmg: 13 Dmg
  2700 | D:3      | Huge Dmg: 8 Dmg
  3334 | D:3      | Huge Dmg: 12 Dmg
  3358 | D:3      | Huge Dmg: 7 Dmg
  3375 | D:2      | Huge Dmg: 11 Dmg
  3606 | D:3      | Huge Dmg: 6 Dmg
  3611 | D:2      | Huge Dmg: 16 Dmg
  3612 | D:2      | Killed from afar by an orc priest

Inventory:

Hand Weapons
 a - a +0 spear (weapon)
Missiles
 e - 5 tomahawks of dispersal (quivered)
Armour
 b - a +0 leather armour (worn)
Jewellery
 m - a ring of wizardry (left hand)
 n - a cursed ring of teleportation (right hand)
Scrolls
 d - 2 scrolls of blinking
Potions
 c - a potion of lignification {!q}
 g - 2 potions of flight
 j - a potion of haste
 l - a potion of brilliance
Comestibles
 f - 6 rations

Table legend:
 A = Turns spent in this place as a percentage of turns spent in the entire game.
 B = Non-inter-level travel turns spent in this place as a percentage of non-inter-level travel turns spent in the entire game.
 C = Inter-level travel turns spent in this place as a percentage of turns spent in this place.
 D = Turns resting spent in this place as a percentage of non-inter-level travel turns spent in this place.
 E = Turns spent auto-exploring this place as a percentage of non-inter-level travel turns spent in this place.
 F = Non-inter-level travel turns spent in this place divided by the number of levels of this place that you've seen.
                   A       B       C       D       E      F
               +-------+-------+-------+-------+-------+----------------------
         Total | 100.0 | 100.0 |   2.9 |  32.8 |  39.3 | 1169.0
       Dungeon | 100.0 | 100.0 |   2.9 |  32.8 |  39.3 | 1169.0
               +-------+-------+-------+-------+-------+----------------------


   Skills:
 - Level 2.0 Fighting
 + Level 4.7 Polearms
 - Level 1.0 Throwing
 - Level 1.0 Armour
 - Level 2.0 Dodging
 - Level 2.0 Spellcasting
 - Level 3.0 Translocations


You couldn't memorise any spells.
You knew the following spells:

 Your Spells              Type           Power        Failure   Level  Hunger
a - Blink                 Tloc           N/A          1%          2    ###....
b - Shroud of Golubria    Chrm/Tloc      ###.......   2%          2    ###....
c - Teleport Other        Tloc           ###.....     2%          3    ###....

Your spell library contained the following spells:

 Spells                   Type           Power        Failure   Level  Hunger
 Gell's Gravitas          Tloc           ###.......   2%          3    ###....
 Lesser Beckoning         Tloc           ###.......   2%          3    ###....
 Passage of Golubria      Tloc           N/A          7%          4    #####..


Dungeon Overview and Level Annotations

Branches:
Dungeon (3/15)

Altars:
Elyvilon
Wu Jian


Message History

Attack whom?
Press: ? - help, Dir - move target cursor, f/p - orc
Aim: an orc, wielding a +0 flail You closely miss the orc.
Attack whom?
Press: ? - help, Dir - move target cursor, f/p - orc
Aim: an orc, wielding a +0 flail You closely miss the orc.
The orc closely misses you.
Casting: Shroud of Golubria (safe; 11% risk of failure)
Confirm with . or Enter, or press ? or * to list all spells.
Space distorts slightly along a thin shroud covering your body.
The orc barely misses you.
Attack whom?
Press: ? - help, Dir - move target cursor, f/p - orc
Aim: an orc, wielding a +0 flail You hit the orc.
The orc is severely wounded.
The orc barely misses you.
Attack whom?
Press: ? - help, Dir - move target cursor, f/p - orc
Aim: an orc, wielding a +0 flail (severely wounded)
You closely miss the orc.
The orc is severely wounded.
Attack whom?
Press: ? - help, Dir - move target cursor, f/p - orc
Aim: an orc, wielding a +0 flail (severely wounded)
You barely miss the orc.
The orc is severely wounded.
Your shroud bends the orc's attack away!
Attack whom?
Press: ? - help, Dir - move target cursor, f/p - orc
Aim: an orc, wielding a +0 flail (severely wounded)
You hit the orc.
You kill the orc!
You start resting.
Your shroud begins to fray at the edges.
You start resting.
Your shroud unravels.
You start resting.
Magic restored.
You are feeling hungry.
You start resting.
HP restored.
You climb downwards.
The goblin hits you but does no damage. The orc closely misses you.
There is a stone staircase leading up, spattered with blood here.
Casting: Shroud of Golubria (safe; 11% risk of failure)
Confirm with . or Enter, or press ? or * to list all spells.
Space distorts slightly along a thin shroud covering your body.
The goblin hits you but does no damage.
The orc hits you from afar with a +0 trident.
Damage: -12%(-4hp) hp: 88%(29hp) Attack whom?
Press: ? - help, Dir - move target cursor, f - goblin
Aim: a goblin, wielding a +0 dagger You hit the goblin.
You kill the goblin!
Attack whom?
Press: ? - help, Dir - move target cursor, f - orc
Aim: an orc You hit the orc.
The orc is moderately wounded.
The orc hits you but does no damage. The orc barely misses you.
You closely miss the orc.
The orc is moderately wounded.
The orc hits you from afar with a +0 trident.
Your shroud falls apart!
The orc barely misses you.
Huge Dmg: -18%(-6hp) hp: 70%(23hp)
You closely miss the orc.
The orc is moderately wounded.
The orc hits you but does no damage. x2
Unknown command.
You hit the orc.
The orc is almost dead.
The orc hits you from afar with a +0 trident.
The orc closely misses you.
Damage: -12%(-4hp) hp: 58%(19hp) Unknown command.
You hit the orc.
You kill the orc!
Unknown command.
The orc misses you.
The orc priest hits you with a +0 flail.
* * * LOW HITPOINT WARNING * * *
The orc priest mumbles some strange prayers to Beogh against you.
Beogh smites you!
* * * LOW HITPOINT WARNING * * *
You climb upwards.
There is a stone staircase leading down here.
Huge Dmg: -48%(-16hp) hp: 13%(4hp) Evoke which item? (* to show all) (? for menu, Esc to quit)
Okay, then.
You feel very mighty all of a sudden. The orc priest closely misses you.
It was a potion of brilliance.
You feel clever all of a sudden.
The orc priest mumbles some strange prayers to Beogh against you.
Pain shoots through your body!
You die...

#.# #.# ###.....#...# #
##.#######.### ##.......#...####
...#.........# #........#.......
##...........# #........#.......
##.#######.## ##................
#.## ##.# #.................
#..#####..# #.....#####.......
####.|.#...#####.....######......
.^####.#.####..)@o.......###.###.
#..# #...# #..#######.####.###.##
##.#########.## #...#.#_#.#..
#...#####...# ####.###.####
###.#####.### ##########
#...#####...# #........
##.#########.## #........ #..#
#...# #..#### #........
..####.#.####....# #........


You could see an orc priest.

Table legend:
 A = Kills in this place as a percentage of kills in entire the game.
 B = Kills by you in this place as a percentage of kills by you in the entire game.
 C = Kills by friends in this place as a percentage of kills by friends in the entire game.
 D = Other kills in this place as a percentage of other kills in the entire game.
 E = Experience gained in this place as a percentage of experience gained in the entire game.
 F = Experience gained in this place divided by the number of levels of this place that you have seen.
                   A       B       C       D       E      F
               +-------+-------+-------+-------+-------+----------------------
         Total | 100.0 | 100.0 |   N/A |   N/A | 100.0 |  44.0
       Dungeon | 100.0 | 100.0 |   N/A |   N/A | 100.0 |  44.0
               +-------+-------+-------+-------+-------+----------------------

Vanquished Creatures
  3 adders
  An ooze (D:1)
  A worm (D:2)
  2 dart slugs
  2 leopard geckos (D:3)
  5 orcs
  A ball python (D:2)
  4 bats
  4 giant cockroaches
  8 goblins
  6 hobgoblins
  3 kobolds
  A quokka (D:3)
  A frilled lizard (D:1)
  A rat (D:2)
43 creatures vanquished.

Action                   |  1- 3 |  4- 6 || total
-------------------------+-------+-------++-------
Melee: Spear             |   107 |   104 ||   211
 Cast: Shroud of Golubri |       |     7 ||     7
  Use: Scroll            |       |     5 ||     5
       Potion            |       |     2 ||     2
 Stab: Sleeping          |       |     1 ||     1
  Eat: Chunk             |     2 |     3 ||     5
       Ration            |       |     1 ||     1
Armor: Leather armour    |     7 |    27 ||    34
Dodge: Dodged            |    37 |    82 ||   119
